 Dungeon Crawl Stone Soup version 0.23-a0-151-gf6d1ed2 (webtiles) character file.

27 slushyswag the Bolt Thrower (level 2, -6/25 HPs)
             Began as a Minotaur Hunter on Sept 7, 2018.
             Mangled by Grinder (7 damage)
             ... on level 3 of the Dungeon.
             The game lasted 00:07:07 (637 turns).

slushyswag the Bolt Thrower (Minotaur Hunter)        Turns: 637, Time: 00:07:08

Health: -6/25      AC:  3    Str: 16    XL:     2   Next: 93%
Magic:  1/1        EV: 12    Int:  8    God:
Gold:   10         SH:  0    Dex: 10    Spells: 1/1 levels left

rFire    . . .     SeeInvis .   a - +1 hand crossbow
rCold    . . .     Gourm    .   (no shield)
rNeg     . . .     Faith    .   c - +0 leather armour
rPois    .         Spirit   .   (helmet restricted)
rElec    .         Reflect  .   (no cloak)
rCorr    .         Harm     .   (no gloves)
MR       .....                  (no boots)
Stlth    +.........             (no amulet)
HPRegen  0.08/turn              (no ring)
MPRegen  0.07/turn              (no ring)

@: no status effects
A: retaliatory headbutt, horns 2
a: no special abilities


You were on level 3 of the Dungeon.
You were very full.

You visited 1 branch of the dungeon, and saw 3 of its levels.

You collected 10 gold pieces.

Inventory:

Hand Weapons
 a - a +1 hand crossbow (weapon)
 b - a +0 short sword
Missiles
 d - 20 bolts (quivered)
Armour
 c - a +0 leather armour (worn)
Jewellery
 e - an uncursed ring of magical power {unknown}
 h - an uncursed amulet of rage {unknown}
Scrolls
 g - 2 scrolls of identify {unknown}
Comestibles
 f - a ration


   Skills:
 + Level 2.5 Fighting
 + Level 5.0 Crossbows
 + Level 0.3 Armour
 + Level 2.4 Dodging
 + Level 1.2 Stealth


You had one spell level left.
You didn't know any spells.
Your spell library was empty.

Dungeon Overview and Level Annotations

Branches:
Dungeon (3/15)

Altars:
Dithmenos

Annotations:
D:3 Grinder


Innate Abilities, Weirdness & Mutations

You reflexively headbutt those who attack you in melee.
You have a pair of horns on your head.


Message History

Found a dagger.
Found a whip.
Grinder gestures at you. Pain shoots through your body!
You see here 19 stones.
Grinder gestures at you.
You suddenly lose the ability to move!
Grinder gestures at you. Pain shoots through your body!
* * * LOW HITPOINT WARNING * * *
Grinder gestures at you.
You shrug off the repeated paralysis!
You can move again.
Grinder hits you.
* * * LOW HITPOINT WARNING * * *
You writhe in agony.
* * * LOW HITPOINT WARNING * * *
You clumsily bash Grinder but do no damage.
Grinder hits you!
You die...

#)#####.#####.#
#.......##.....
###############.....
#....5....# #.'.....
#.#######.###.#.....
###.#######..5ยง.#.....
#.###....)....#######.....
#........5....# ######
#####...(@....#
#.........# #.........#
#.........# #.........#
#.......).# ###########


You could see Grinder.

Vanquished Creatures
  An adder (D:2)
  A leopard gecko (D:2)
  2 goblins (D:2)
  2 hobgoblins (D:2)
  2 quokkas (D:2)
  4 bats
  A frilled lizard (D:1)
  3 kobolds
  A rat (D:2)
17 creatures vanquished.

Notes
Turn   | Place    | Note
-------+----------+-------------------------------------------
     0 | D:1      | slushyswag the Minotaur Hunter began the quest for the Orb.
     0 | D:1      | Reached XP level 1. HP: 18/18 MP: 0/0
    12 | D:1      | Noticed a merfolk zombie
   266 | D:2      | Found a shadowy altar of Dithmenos.
   277 | D:2      | Reached skill level 1 in Stealth
   308 | D:2      | Reached XP level 2. HP: 18/25 MP: 1/1
   372 | D:2      | Reached skill level 5 in Crossbows
   606 | D:3      | Noticed Grinder
   631 | D:3      | Paralysed by Grinder for 5 turns
   636 | D:3      | HP: 1/25 [Grinder (2)]
   637 | D:3      | Mangled by Grinder

Vault maps used:
D:1:      shiori_arrival_whats_in_store_for_you
D:2:      grunt_dithmenos_smoke_and_mirrors
D:3:      ebering_ghost_sewer_f, uniq_grinder

Skill      XL: |  1  2 |
---------------+-------+-----
Stealth        | 1 |  1.2
Crossbows      | 5 |  5.0
Fighting       | |  2.5
Armour         | |  0.3
Dodging        | |  2.4

Action                   || total
-------------------------++-------
Melee: Hand crossbow     ||    50
       Headbutt          ||    11
  Eat: Ration            ||     2
Armor: Leather armour    ||    16
Dodge: Dodged            ||    52

Table legend:
 A = Non-vault XP
 B = Vault XP
 C = Vault XP percentage of total XP
 D = Non-vault monster count
 E = Vault monster count
 F = Vault count percentage of total count
                 A         B        C        D         E       F
            +---------+---------+-------+---------+---------+-------
      Total |      39 |       0 |   0.0 |      17 |       0 |   0.0
            +---------+---------+-------+---------+---------+-------
        D:1 |       1 |       0 |   0.0 |       1 |       0 |   0.0
        D:2 |      33 |       0 |   0.0 |      13 |       0 |   0.0
        D:3 |       5 |       0 |   0.0 |       3 |       0 |   0.0
            +---------+---------+-------+---------+---------+-------
